 Dungeon Crawl Stone Soup version 0.32-a0-575-gafe9d2b (webtiles) character file.

Game seed: 17330561329418331136

67 Dorkslayer the Trooper (level 4, 0/35 HPs)
             Began as a Demonspawn Fighter on Mar 1, 2024.
             Incinerated by a bombardier beetle (4 damage)
             ... with a burning spray
             ... on level 3 of the Dungeon.
             The game lasted 00:03:24 (1823 turns).

Dorkslayer the Trooper (Demonspawn Fighter)         Turns: 1823, Time: 00:03:25

Health: 0/35       AC: 12    Str: 19    XL:     4   Next: 0%
Magic:  4/4        EV:  5    Int:  8    God:
Gold:   173        SH:  4    Dex: 12    Spells: 3/3 levels left

rFire   . . .        a - +0 war axe
rCold   . . .        c - +0 buckler
rNeg    . . .        i - +0 plate armour
rPois   .            (no helmet)
rElec   .            (no cloak)
rCorr   .            (no gloves)
SInv    .            (no boots)
Will    .....        g - amulet of the acrobat Stlth
                     (no ring)
HPRegen 0.25/turn    (no ring)
MPRegen 0.09/turn

%: acrobat
@: on fire, glowing
A: sharp scales 1
a: no special abilities


You were on level 3 of the Dungeon.
You visited 1 branch of the dungeon, and saw 3 of its levels.

You collected 173 gold pieces.

Inventory:

Hand Weapons
 a - a +0 war axe (weapon)
Missiles
 h - 5 boomerangs (quivered)
Armour
 c - a +0 buckler (worn)
 i - a +0 plate armour (worn)
Jewellery
 g - an amulet of the acrobat (around neck)
Scrolls
 b - a scroll of summoning {unknown}
 e - 2 scrolls of identify {unknown}
 j - a scroll of amnesia {unknown}
 l - a scroll of blinking {unknown}
 n - a scroll of noise {unknown}
 o - a scroll of enchant armour {unknown}
 q - a scroll of fog {unknown}
Potions
 d - a potion of might
 f - a potion of ambrosia {unknown}
 k - a potion of brilliance {unknown}
 m - 3 potions of attraction {unknown}
 p - 2 potions of berserk rage {unknown}
 r - a potion of curing {unknown}


   Skills:
 + Level 3.5 Fighting
 + Level 2.3 Axes
 + Level 3.0 Armour
 * Level 1.1 Dodging
 + Level 3.1 Shields


You had 3 spell levels left.
You didn't know any spells.
Your spell library was empty.

Dungeon Overview and Level Annotations

Branches:
Dungeon (3/15)

Altars:


Innate Abilities, Weirdness & Mutations

You are partially covered in razor-sharp scales. (AC +1, Slay +1)


Message History

You now have 164 gold pieces (gained 12).
e - 2 scrolls labelled XODOQA MAASTRI (gained 1)
m - 3 sedimented golden potions (gained 1)
There are no items here.
You now have 173 gold pieces (gained 9).
There are no items here.
The bombardier beetle barely misses you.
You hit the bombardier beetle.
The bombardier beetle is lightly wounded.
The bombardier beetle bites you but does no damage.
You hit the bombardier beetle.
The bombardier beetle is moderately wounded.
The bombardier beetle sprays incendiary fluid at you.
The burning spray hits you.
You are covered in liquid fire!
You hit the bombardier beetle.
The bombardier beetle is moderately wounded.
The liquid fire burns you!
The bombardier beetle bites you but does no damage.
You hit the bombardier beetle.
The bombardier beetle is heavily wounded.
The liquid fire burns you!
The bombardier beetle bites you but does no damage.
You barely miss the bombardier beetle.
The bombardier beetle is heavily wounded.
The liquid fire burns you!
You hit the bombardier beetle.
The bombardier beetle is heavily wounded.
The liquid fire burns you!
* * * LOW HITPOINT WARNING * * *
The bombardier beetle completely misses you.
You hit the bombardier beetle.
The bombardier beetle is severely wounded.
The liquid fire burns you!
* * * LOW HITPOINT WARNING * * *
The bombardier beetle bites you but does no damage.
You slash the bombardier beetle!
You kill the bombardier beetle!
The liquid fire burns you!
You die...

#...# ..[...#.#?#.#.## #
##### #####.....#.#....
.# ...#
.......#........:#.
...#..# ##.....##.##...
#.....#....###.#...#.###
..###.#<.# #(.........!#
......# ..###.#...#.###.
...#### #.....##.##.....
.#.# #B...#...@.....#
...# ####....†#.#.....#
.### #....#.#.#.#.### .#
...#...### . # .###
....##.. ## ...# ...<.
... .### ## .# .#


There were no monsters in sight!

Vanquished Creatures
  A bombardier beetle (D:3)
  2 adders (D:3)
  2 ribbon worms
  2 dart slugs
  An orc (D:3)
  3 endoplasms
  A giant cockroach (D:3)
  4 goblins
  2 hobgoblins
  A jackal (D:3)
  3 kobolds (D:1)
  4 quokkas
  3 ball pythons
  3 bats
  3 frilled lizards
  2 rats
37 creatures vanquished.

Notes
Turn   | Place    | Note
-------+----------+-------------------------------------------
     0 | D:1      | Dorkslayer the Demonspawn Fighter began the quest for the
                  | Orb.
     0 | D:1      | Reached XP level 1. HP: 18/18 MP: 1/1
   216 | D:1      | Gained mutation: You are partially covered in razor-sharp
                  | scales. (AC +1, Slay +1) [demonic ancestry]
   216 | D:1      | Reached XP level 2. HP: 23/24 MP: 2/2
   446 | D:1      | Found a faded altar of an unknown god.
  1034 | D:2      | Reached skill level 1 in Dodging
  1034 | D:2      | Reached XP level 3. HP: 29/29 MP: 3/3
  1148 | D:2      | Identified the +2 long sword "Eghoy" {spect, Will+ Int+3
                  | SInv}
  1793 | D:3      | Reached XP level 4. HP: 22/35 MP: 4/4
  1823 | D:3      | Incinerated by a bombardier beetle

Illustrated notes

Levels and vault maps discovered:
D:1:      nagdon_arrival_double_spiral, layout_basic,
          shapermc_ecumenical_altar_flowoftime, minmay_misc_feat_rows,
          minmay_pentomino_x2
D:2:      layout_basic
D:3:      layout_basic, kennysheep_cross_room, minmay_fractal_squares_5

Skill      XL: |  1  2  3 |
---------------+----------+-----
Axes           | 2 |  2.3
Dodging        | 1 |  1.1
Shields        | 3 |  3.1
Armour         | 3 |  3.0
Fighting       | |  3.5

Action                     |  1- 3 |  4- 6 || total
---------------------------+-------+-------++-------
  Melee: War axe           |   115 |     8 ||   123
 Armour: Scale mail        |    18 |       ||    18
         Plate armour      |    74 |     4 ||    78
  Dodge: Dodged            |    37 |     2 ||    39
  Block: Buckler           |    26 |       ||    26

Table legend: (Time is in decaauts)
 A = Elapsed time spent in this place.
 B = Non-inter-level travel time spent in this place.
 C = Inter-level travel time spent in this place.
 D = Time resting spent in this place.
 E = Time spent auto-exploring this place.
 F = Levels seen in this place.
 G = Mean time per level.
                   A        B        C        D        E       F      G
               +--------+--------+--------+--------+--------+-----+--------+
         Total |   1914 |   1914 |      0 |      0 |   1021 |   3 |  638.0 |
       Dungeon |   1914 |   1914 |      0 |      0 |   1021 |   3 |  638.0 |
               +--------+--------+--------+--------+--------+-----+--------+

Top non-repeatable levels by time:
     D:1: 842 daAuts
     D:2: 691 daAuts
     D:3: 379 daAuts
